 Dungeon Crawl Stone Soup version 0.31-a0-233-g139696dc86 (webtiles) character file.

Game seed: 17211936403794886377

210 MisterAzrael the Trooper (level 5, 0/47 HPs)
             Began as a Hill Orc Fighter on July 8, 2023.
             Succumbed to a kobold brigand's poison
             ... on level 5 of the Dungeon.
             The game lasted 00:02:17 (1719 turns).

MisterAzrael the Trooper (Hill Orc Fighter)         Turns: 1719, Time: 00:02:18

Health: 0/47       AC:  7    Str: 21    XL:     5   Next: 88%
Magic:  5/5        EV:  9    Int:  8    God:
Gold:   146        SH:  4    Dex: 10    Spells: 4/4 levels left

rFire   . . .        a - +0 war axe
rCold   . . .        c - +0 buckler
rNeg    . . .        b - +0 scale mail
rPois   .            (no helmet)
rElec   .            (no cloak)
rCorr   .            (no gloves)
SInv    .            (no boots)
Will    .....        (no amulet) Stlth
                     j - ring of flight
HPRegen 0.27/turn    (no ring)
MPRegen 0.09/turn

%: no passive effects
@: mighty, lethally poisoned (0 -> -8), flying
A: no striking features
a: no special abilities


You were on level 5 of the Dungeon.
You visited 1 branch of the dungeon, and saw 5 of its levels.

You collected 146 gold pieces.

Inventory:

Hand Weapons
 a - a +0 war axe (weapon)
Armour
 b - a +0 scale mail (worn)
 c - a +0 buckler (worn)
Jewellery
 j - a ring of flight (left hand)
 r - a ring of fire
Wands
 q - a wand of polymorph (30)
Scrolls
 e - a scroll of silence {unknown}
 f - 2 scrolls of revelation {unknown}
 g - a scroll of blinking {unknown}
 i - a scroll of poison {unknown}
 l - a scroll of enchant armour {unknown}
 m - 5 scrolls of identify {unknown}
 o - a scroll of fog {unknown}
 p - a scroll of enchant weapon {unknown}
 s - a scroll of teleportation {unknown}
Potions
 h - a potion of lignification {unknown}
 k - a potion of ambrosia {unknown}
 n - 2 potions of heal wounds {unknown}
 t - a potion of invisibility {unknown}


   Skills:
 + Level 4.9 Fighting
 + Level 4.4 Axes
 + Level 4.5 Armour
 + Level 4.4 Shields


You had 4 spell levels left.
You didn't know any spells.
Your spell library contained the following spells:

 Spells                   Type           Power      Damage    Failure   Level
 Apportation              Tloc           0%         N/A       80%         1
 Necrotise                Necr           0%         1d4       80%         1
 Slow                     Hex            0%         N/A       80%         1
 Summon Small Mammal      Summ           0%         N/A       80%         1
 Confusing Touch          Hex            0%         N/A       99%         3
 Gell's Gravitas          Tloc           0%         N/A       99%         3
 Inner Flame              Hex/Fire       0%         N/A       99%         3
 Teleport Other           Tloc           0%         N/A       99%         3
 Vampiric Draining        Necr           0%         2d6       99%         3
 Yara's Violent Unravell  Hex/Tmut       0%         3d3       100%        5
 Dispersal                Tloc           0%         N/A       100%        6
 Enfeeble                 Hex            0%         N/A       100%        7


Dungeon Overview and Level Annotations

Branches:
Dungeon (6/15)
 Temple: D:4-7

Altars:


Message History

The kobold shouts!
You fly upwards.
There is a stone staircase leading down here.
The kobold brigand attacks as you move away!
The kobold brigand hits you with a +0 short sword.
The kobold brigand throws a poisoned dart.
The poisoned dart hits you!
You are poisoned.
You feel sick.
You feel sick.
You feel sick.
You feel sick.
A centaur comes into view.
You feel sick.
The centaur shouts!
The centaur wields a +0 orcbow.
The centaur shoots an arrow.
The arrow hits you!
The kobold brigand throws a poisoned dart.
The poisoned dart hits you!
You are more poisoned.
You feel very mighty all of a sudden.
You feel sick.
The centaur shoots an arrow.
The arrow hits you.
The centaur shoots an arrow.
The arrow barely misses you.
The kobold brigand throws a poisoned dart.
The poisoned dart hits you!
You are more poisoned.
* * * LOW HITPOINT WARNING * * *
You feel very sick.
You slash the kobold brigand!
The kobold brigand is heavily wounded.
* * * LOW HITPOINT WARNING * * *
You feel very sick.
The centaur shoots an arrow.
The arrow hits you.
* * * LOW HITPOINT WARNING * * *
The centaur shoots an arrow.
The arrow misses you.
The kobold brigand hits you with a +0 short sword.
* * * LOW HITPOINT WARNING * * *
You closely miss the kobold brigand.
The kobold brigand is heavily wounded.
You die...

...
#..
#..#
...##
....
c.#
#.#
#.#
#@#
#K#
#.#
#.#
#.#
#>#
#.#
#..
####


You could see a kobold brigand and a centaur.

Vanquished Creatures
  An ice beast (D:6)
  An iguana (D:6)
  3 adders (D:2)
  2 worms (D:2)
  A dart slug (D:1)
  5 endoplasms
  12 giant cockroaches (D:2)
  5 goblins
  8 hobgoblins
  4 ball pythons
  2 frilled lizards
  5 kobolds
  4 rats
53 creatures vanquished.

Notes
Turn   | Place    | Note
-------+----------+-------------------------------------------
     0 | D:1      | MisterAzrael the Hill Orc Fighter began the quest for the
                  | Orb.
     0 | D:1      | Reached XP level 1. HP: 19/19 MP: 1/1
   196 | D:1      | Reached XP level 2. HP: 27/27 MP: 2/2
   764 | D:2      | Reached XP level 3. HP: 33/33 MP: 3/3
   867 | D:2      | Reached XP level 4. HP: 40/40 MP: 4/4
  1615 | D:3      | You are sucked into a shaft and drop 3 floors!
  1616 | D:6      | Noticed an ice beast
  1630 | D:6      | Killed an ice beast
  1631 | D:6      | Reached XP level 5. HP: 47/47 MP: 5/5
  1703 | D:6      | Noticed a kobold brigand
  1709 | D:5      | Entered Level 5 of the Dungeon
  1715 | D:5      | Noticed a centaur
  1718 | D:5      | HP: 2/47 [kobold brigand/+0 short sword (3)]
  1719 | D:5      | Succumbed to a kobold brigand's poison

Illustrated notes

Levels and vault maps discovered:
D:1:      ncdulo_wetmaze, layout_basic
D:2:      minmay_roachtagon, layout_loops_ring
D:3:      layout_basic, shapermc_ecumenical_altar_mp_vishouse,
          supply_closet_lemuel, dk_vineyard_1,
          nicolae_concentric_dashed_squares_mild
D:5:      layout_loops_corners, guppyfry_early_orc_mine
D:6:      layout_loops_cross, overflow_temple_1_default,
          minmay_temple_entry_wispy, uniq_crazy_yiuf_cottage, uniq_maggie

Skill      XL: |  1  2  3  4 |
---------------+-------------+-----
Axes           | 3 4 |  4.4
Fighting       | 4 |  4.9
Armour         | 4 |  4.5
Shields        | 4 |  4.4

Action                     |  1- 3 |  4- 6 || total
---------------------------+-------+-------++-------
  Melee: War axe           |    73 |    60 ||   133
    Use: Potion            |       |     2 ||     2
 Armour: Scale mail        |    43 |    34 ||    77
  Dodge: Dodged            |    39 |    20 ||    59
  Block: Buckler           |    20 |    11 ||    31

Table legend: (Time is in decaauts)
 A = Elapsed time spent in this place.
 B = Non-inter-level travel time spent in this place.
 C = Inter-level travel time spent in this place.
 D = Time resting spent in this place.
 E = Time spent auto-exploring this place.
 F = Levels seen in this place.
 G = Mean time per level.
                   A        B        C        D        E       F      G
               +--------+--------+--------+--------+--------+-----+--------+
         Total |   1771 |   1721 |     50 |      0 |   1333 |   5 |  354.2 |
       Dungeon |   1771 |   1721 |     50 |      0 |   1333 |   5 |  354.2 |
               +--------+--------+--------+--------+--------+-----+--------+

Top non-repeatable levels by time:
     D:2: 861 daAuts
     D:1: 755 daAuts
     D:6: 98 daAuts
     D:3: 45 daAuts
     D:5: 10 daAuts
